| Goals | Penalties |
1. Islanders , Matt Coronato 10 (Nicklas Backstrom 14, Dylan Coghlan 11) at 0:47
|
Nicolas Meloche (NYI) for Interference (Minor) at 1:25
|
2. Moose , Josiah Slavin 1 (Ben Gleason 7) at 3:10
|
|
No Goal
|
Jimmy Schuldt (WPG) for Holding Stick (Minor) at 7:10
|
No Goal
|
|
Moose, Linus Weissbach - Shot Misses the Net
Islanders, Nicklas Backstrom - Goal!
Moose, Justin Dowling - Goal!
Islanders, Matt Coronato - Stopped by Erik Portillo
Moose, Max Comtois - Stopped by Hugo Alnefelt
Islanders, Ben Meyers - Shot Misses the Net
Moose, Adam Klapka - Stopped by Hugo Alnefelt
Islanders, Ryan Schmelzer - Goal!
|
|
|
Erik Portillo (WPG), 9 saves from 10 shots - (0,900), OTL, 15-14-8, 65:00 minutes
Hugo Alnefelt (NYI), 8 saves from 9 shots - (0,889), W, 4-4-2, 65:00 minutes
|
|
1 - Josiah Slavin (WPG)
2 - Matt Coronato (NYI)
3 - Nicklas Backstrom (NYI)
|
Referees : Wes McCauley and Edward Grudzinski
Linesman : Owen Gidlow and Greg Devorski
|
|
| No Game Note
|
| Team Name |
Goals |
Shots |
Shots Attemp |
Shots Blocked |
PIM |
HIT |
PP |
PK |
FO% |
| Moose |
1 | 9 | 18 | 4 | 2 | 10 | 0 / 1 (0%) | 0 | 44% |
| Islanders |
2 | 10 | 20 | 0 | 2 | 15 | 0 / 1 (0%) | 0 | 56% |
Moose
| Player Name |
POS |
G |
A |
P |
+/- |
PIM |
HIT |
SHT |
SB |
MP |
PP MP |
PP SHT |
PK MP |
PK SHT |
FO% |
FOT |
GA |
TA |
| Aarne Talvitie | C | 0 | 0 | 0 | 0 | 0 | 3 | 0 | 0 | 20:12 | 0:44 | 0 | 0:44 | 0 | 33% |
3 | 0 | 0 |
| Adam Klapka | C/RW | 0 | 0 | 0 | 1 | 0 | 0 | 2 | 0 | 21:21 | 1:02 | 0 | 0:50 | 0 | 0% |
1 | 0 | 0 |
| Aidan McDonough | LW | 0 | 0 | 0 | 0 | 0 | 0 | 0 | 0 | 1:00 | 0:00 | 0 | 0:00 | 0 | 0% |
0 | 0 | 0 |
| Akito Hirose | D | 0 | 0 | 0 | 1 | 0 | 0 | 1 | 0 | 16:10 | 0:00 | 0 | 0:57 | 0 | 0% |
0 | 0 | 0 |
| Ben Gleason | D | 0 | 1 | 1 | 0 | 0 | 0 | 0 | 2 | 23:30 | 1:10 | 0 | 1:02 | 0 | 100% |
1 | 0 | 0 |
| Buddy Robinson | RW | 0 | 0 | 0 | 0 | 0 | 0 | 1 | 0 | 17:49 | 0:38 | 0 | 0:00 | 0 | 100% |
1 | 0 | 0 |
| Connor Mackey | D | 0 | 0 | 0 | -1 | 0 | 1 | 0 | 0 | 19:55 | 1:08 | 0 | 0:43 | 0 | 0% |
0 | 0 | 0 |
| Darien Kielb | D | 0 | 0 | 0 | 0 | 0 | 0 | 0 | 0 | 1:36 | 0:00 | 0 | 0:00 | 0 | 0% |
0 | 0 | 0 |
| Jackson Blake | RW | 0 | 0 | 0 | -1 | 0 | 0 | 0 | 1 | 21:08 | 1:04 | 0 | 0:34 | 0 | 0% |
0 | 0 | 0 |
| Jimmy Schuldt | D | 0 | 0 | 0 | 1 | 2 | 0 | 0 | 1 | 18:36 | 0:34 | 0 | 0:00 | 0 | 0% |
0 | 0 | 0 |
| Josiah Slavin | LW | 1 | 0 | 1 | 1 | 0 | 1 | 1 | 0 | 12:51 | 0:03 | 0 | 0:26 | 0 | 0% |
0 | 0 | 0 |
| Justin Dowling | C/LW | 0 | 0 | 0 | 0 | 0 | 0 | 2 | 0 | 23:43 | 1:03 | 0 | 0:41 | 0 | 50% |
14 | 0 | 0 |
| Linus Weissbach | LW/RW | 0 | 0 | 0 | 0 | 0 | 1 | 1 | 0 | 20:24 | 0:54 | 0 | 0:00 | 0 | 0% |
1 | 0 | 0 |
| Matt Kiersted | D | 0 | 0 | 0 | 0 | 0 | 0 | 0 | 0 | 10:15 | 0:00 | 0 | 0:00 | 0 | 0% |
0 | 0 | 0 |
| Max Comtois | LW | 0 | 0 | 0 | -1 | 0 | 0 | 0 | 0 | 23:15 | 0:29 | 0 | 0:43 | 0 | 40% |
5 | 0 | 0 |
| Philippe Myers | D | 0 | 0 | 0 | 0 | 0 | 2 | 0 | 0 | 18:46 | 0:00 | 0 | 0:00 | 0 | 0% |
0 | 0 | 0 |
| Sammy Walker | LW/RW | 0 | 0 | 0 | -1 | 0 | 2 | 1 | 0 | 17:36 | 0:00 | 0 | 0:00 | 0 | 0% |
1 | 0 | 0 |
| Simon Nemec | D | 0 | 0 | 0 | 0 | 0 | 0 | 0 | 0 | 24:53 | 1:06 | 0 | 1:16 | 0 | 0% |
0 | 1 | 0 |
Islanders
| Player Name |
POS |
G |
A |
P |
+/- |
PIM |
HIT |
SHT |
SB |
MP |
PP MP |
PP SHT |
PK MP |
PK SHT |
FO% |
FOT |
GA |
TA |
| Ben Meyers | C/LW | 0 | 0 | 0 | -1 | 0 | 3 | 1 | 0 | 21:35 | 0:00 | 0 | 0:00 | 0 | 63% |
8 | 0 | 0 |
| Brandon Gignac | C | 0 | 0 | 0 | 0 | 0 | 1 | 0 | 0 | 14:20 | 0:15 | 0 | 0:00 | 0 | 50% |
2 | 0 | 0 |
| Collin Graf | C/RW | 0 | 0 | 0 | 0 | 0 | 2 | 1 | 0 | 21:06 | 1:01 | 0 | 0:47 | 0 | 33% |
3 | 0 | 0 |
| Corey Schueneman | D | 0 | 0 | 0 | 0 | 0 | 1 | 0 | 0 | 24:04 | 0:06 | 0 | 1:14 | 0 | 0% |
0 | 0 | 1 |
| David Farrance | D | 0 | 0 | 0 | 0 | 0 | 0 | 0 | 0 | 4:53 | 0:00 | 0 | 0:00 | 0 | 0% |
0 | 0 | 0 |
| Dylan Coghlan | D | 0 | 1 | 1 | 0 | 0 | 0 | 0 | 0 | 25:40 | 1:16 | 0 | 1:14 | 0 | 0% |
0 | 0 | 0 |
| Emil Lilleberg | D | 0 | 0 | 0 | 0 | 0 | 2 | 0 | 0 | 18:33 | 1:04 | 0 | 0:00 | 0 | 0% |
0 | 0 | 0 |
| Ethan Del Mastro | D | 0 | 0 | 0 | -1 | 0 | 2 | 0 | 0 | 24:39 | 0:48 | 0 | 0:45 | 0 | 0% |
0 | 0 | 0 |
| Jackson Cates | C/LW/RW | 0 | 0 | 0 | 0 | 0 | 2 | 0 | 0 | 17:43 | 0:52 | 0 | 0:12 | 0 | 0% |
0 | 0 | 0 |
| Jakub Galvas | D | 0 | 0 | 0 | 0 | 0 | 0 | 0 | 0 | 2:14 | 0:00 | 0 | 0:45 | 0 | 0% |
0 | 0 | 0 |
| Libor Hajek | D | 0 | 0 | 0 | 0 | 0 | 1 | 0 | 0 | 12:37 | 0:16 | 0 | 0:00 | 0 | 0% |
0 | 0 | 0 |
| Matt Coronato | RW | 1 | 0 | 1 | 0 | 0 | 1 | 2 | 0 | 22:56 | 0:55 | 0 | 1:00 | 0 | 50% |
2 | 0 | 0 |
| Mitchell Vande Sompel | D | 0 | 0 | 0 | 0 | 0 | 0 | 0 | 0 | 7:48 | 0:00 | 0 | 0:00 | 0 | 0% |
0 | 0 | 0 |
| Nicklas Backstrom | C | 0 | 1 | 1 | 1 | 0 | 0 | 2 | 0 | 23:41 | 0:55 | 0 | 0:12 | 0 | 60% |
10 | 0 | 0 |
| Nicolas Meloche | D | 0 | 0 | 0 | 1 | 2 | 0 | 2 | 0 | 24:29 | 0:49 | 0 | 0:00 | 0 | 0% |
0 | 0 | 0 |
| Ryan Schmelzer | C | 0 | 0 | 0 | 0 | 0 | 0 | 1 | 0 | 21:41 | 0:52 | 0 | 1:00 | 0 | 0% |
0 | 0 | 0 |
| Taro Hirose | LW | 0 | 0 | 0 | 0 | 0 | 0 | 1 | 0 | 21:09 | 0:46 | 0 | 0:47 | 0 | 50% |
2 | 0 | 0 |
| Tyler Madden | C | 0 | 0 | 0 | 0 | 0 | 0 | 0 | 0 | 3:52 | 0:00 | 0 | 0:00 | 0 | 0% |
0 | 0 | 0 |
Moose
| 5 vs 5 Forward |
|---|
| Line # | Left Wing | Center | Right Wing | PHY | DF | OF | Wanted % | Time % | Time Play |
| 1 | Max Comtois | Justin Dowling | Buddy Robinson | 1 | 2 | 2 | 40 | 30% | 17:05
|
| 2 | Linus Weissbach | Justin Dowling | Adam Klapka | 1 | 2 | 2 | 30 | 35% | 19:32
|
| 3 | Sammy Walker | Max Comtois | Jackson Blake | 1 | 2 | 2 | 20 | 26% | 14:23
|
| 4 | Jackson Blake | Aarne Talvitie | Justin Dowling | 1 | 2 | 2 | 10 | 9% | 5:02
|
| 5 vs 5 Defense |
|---|
| Line # | Defense | Defense | | PHY | DF | OF | Wanted % | Time % | Time Play |
| 1 | Simon Nemec | Philippe Myers | | 1 | 2 | 2 | 40 | 29% | 16:19
|
| 2 | Ben Gleason | Connor Mackey | | 1 | 2 | 2 | 30 | 33% | 18:34
|
| 3 | Matt Kiersted | Simon Nemec | | 1 | 2 | 2 | 20 | 17% | 9:18
|
| 4 | Akito Hirose | Jimmy Schuldt | | 1 | 2 | 2 | 10 | 21% | 11:51
|
| Power Play Forward |
|---|
| Line # | Left Wing | Center | Right Wing | PHY | DF | OF | Wanted % | Time % | Time Play |
| 1 | Jackson Blake | Justin Dowling | Adam Klapka | 1 | 2 | 2 | 60 | 55% | 1:05
|
| 2 | Linus Weissbach | Justin Dowling | Adam Klapka | 1 | 2 | 2 | 40 | 45% | 0:54
|
| Power Play Defense |
|---|
| Line # | Defense | Defense | | PHY | DF | OF | Wanted % | Time % | Time Play |
| 1 | Simon Nemec | Connor Mackey | | 1 | 2 | 2 | 60 | 55% | 1:06
|
| 2 | Ben Gleason | Connor Mackey | | 1 | 2 | 2 | 40 | 45% | 0:53
|
| Penalty Kill 4 Players Forward |
|---|
| Line # | Center | Wing | PHY | DF | OF | Wanted % | Time % | Time Play |
| 1 | Justin Dowling | Adam Klapka | 1 | 2 | 2 | 60 | 100% | 1:59
|
| 2 | Adam Klapka | Linus Weissbach | 1 | 2 | 2 | 40 | 0% | 0:00
|
| Penalty Kill 4 Players Defense |
|---|
| Line # | Defense | Defense | PHY | DF | OF | Wanted % | Time % | Time Play |
| 1 | Simon Nemec | Ben Gleason | 1 | 2 | 2 | 60 | 64% | 1:16
|
| 2 | Ben Gleason | Connor Mackey | 1 | 2 | 2 | 40 | 36% | 0:43
|
| Penalty Kill 3 Players |
|---|
| Line # | Wing | PHY | DF | OF | Wanted % | Time % | Time Play | Defense | Defense | PHY | DF | OF | Wanted % | Time % | Time Play |
| 1 | Justin Dowling | 1 | 2 | 2 | 60 | 0% | 0:00
| Simon Nemec | Connor Mackey | 1 | 2 | 2 | 60 | 0% | 0:00
|
| 2 | Adam Klapka | 1 | 2 | 2 | 40 | 0% | 0:00
| Ben Gleason | Connor Mackey | 1 | 2 | 2 | 40 | 0% | 0:00
|
| 4 vs 4 Forward |
|---|
| Line # | Center | Wing | PHY | DF | OF | Wanted % | Time % | Time Play |
| 1 | Justin Dowling | Jackson Blake | 1 | 2 | 2 | 60 | 0% | 0:00
|
| 2 | Adam Klapka | Linus Weissbach | 1 | 2 | 2 | 40 | 0% | 0:00
|
| 4 vs 4 Defense |
|---|
| Line # | Defense | | PHY | DF | OF | Wanted % | Time % | Time Play |
| 1 | Simon Nemec | Ben Gleason | 1 | 2 | 2 | 60 | 0% | 0:00
|
| 2 | Ben Gleason | Connor Mackey | 1 | 2 | 2 | 40 | 0% | 0:00
|
| Last Minutes Offensive |
|---|
| Left Wing | Center | Right Wing | Defense | Defense |
| Max Comtois | Justin Dowling | Buddy Robinson | Simon Nemec | Jimmy Schuldt |
| Last Minutes Defensive |
|---|
| Left Wing | Center | Right Wing | Defense | Defense |
| Max Comtois | Justin Dowling | Buddy Robinson | Simon Nemec | Jimmy Schuldt |
| Time |
|---|
| Total Forward | Total Defense | Last Minutes Offensive | Last Minutes Defensive |
| 60:00 |
60:00 |
0:00 | 0:00 |
| Extra Forwards |
|---|
| Normal | PowerPlay | Penalty Kill |
|
Jackson Blake, Justin Dowling, Linus Weissbach | Jackson Blake, Justin Dowling | Jackson Blake |
| Extra Defensemen |
|---|
| Normal | PowerPlay | Penalty Kill |
|
Simon Nemec, Akito Hirose, Jimmy Schuldt | Simon Nemec, Simon Nemec | Akito Hirose |
| Penalty Shots |
|---|
|
Linus Weissbach, Justin Dowling, Max Comtois, Adam Klapka, Jackson Blake |
| Goalie |
|---|
| Erik Portillo, Adam Scheel |
| Scratches |
|---|
|
Colton Dach (Healthy), Evan Nause (Healthy), Evan Vierling (Healthy), Gavin Brindley (Right Forearm Injury), Matthew Seminoff (Healthy)
Kole Sherwood (Healthy), Josh Dunne (Healthy), Ryan McGregor (Healthy), Tyler Angle (Healthy), Will Reilly (Healthy)
Devin Cooley (Healthy), Eetu Makiniemi (Healthy) |
Islanders
| 5 vs 5 Forward |
|---|
| Line # | Left Wing | Center | Right Wing | PHY | DF | OF | Wanted % | Time % | Time Play |
| 1 | Matt Coronato | Nicklas Backstrom | Ryan Schmelzer | 1 | 2 | 2 | 40 | 38% | 21:28
|
| 2 | Nicklas Backstrom | Ben Meyers | Matt Coronato | 1 | 2 | 2 | 30 | 36% | 20:20
|
| 3 | Ryan Schmelzer | Ben Meyers | Matt Coronato | 1 | 2 | 2 | 20 | 18% | 10:20
|
| 4 | Ryan Schmelzer | Nicklas Backstrom | Matt Coronato | 1 | 2 | 2 | 10 | 7% | 3:54
|
| 5 vs 5 Defense |
|---|
| Line # | Defense | Defense | | PHY | DF | OF | Wanted % | Time % | Time Play |
| 1 | Dylan Coghlan | Nicolas Meloche | | 1 | 2 | 2 | 40 | 31% | 17:35
|
| 2 | Nicolas Meloche | Corey Schueneman | | 1 | 2 | 2 | 30 | 35% | 19:48
|
| 3 | Dylan Coghlan | Ethan Del Mastro | | 1 | 2 | 2 | 20 | 17% | 9:39
|
| 4 | Corey Schueneman | Ethan Del Mastro | | 1 | 2 | 2 | 10 | 16% | 9:00
|
| Power Play Forward |
|---|
| Line # | Left Wing | Center | Right Wing | PHY | DF | OF | Wanted % | Time % | Time Play |
| 1 | Matt Coronato | Nicklas Backstrom | Ryan Schmelzer | 1 | 2 | 2 | 60 | 100% | 1:59
|
| 2 | Matt Coronato | Ryan Schmelzer | Nicklas Backstrom | 1 | 2 | 2 | 40 | 0% | 0:00
|
| Power Play Defense |
|---|
| Line # | Defense | Defense | | PHY | DF | OF | Wanted % | Time % | Time Play |
| 1 | Dylan Coghlan | Nicolas Meloche | | 1 | 2 | 2 | 60 | 100% | 1:59
|
| 2 | Nicolas Meloche | Dylan Coghlan | | 1 | 2 | 2 | 40 | 0% | 0:00
|
| Penalty Kill 4 Players Forward |
|---|
| Line # | Center | Wing | PHY | DF | OF | Wanted % | Time % | Time Play |
| 1 | Matt Coronato | Ryan Schmelzer | 1 | 2 | 2 | 60 | 70% | 1:23
|
| 2 | Ryan Schmelzer | Matt Coronato | 1 | 2 | 2 | 40 | 30% | 0:36
|
| Penalty Kill 4 Players Defense |
|---|
| Line # | Defense | Defense | PHY | DF | OF | Wanted % | Time % | Time Play |
| 1 | Nicolas Meloche | Dylan Coghlan | 1 | 2 | 2 | 60 | 62% | 1:14
|
| 2 | Ethan Del Mastro | Nicolas Meloche | 1 | 2 | 2 | 40 | 38% | 0:45
|
| Penalty Kill 3 Players |
|---|
| Line # | Wing | PHY | DF | OF | Wanted % | Time % | Time Play | Defense | Defense | PHY | DF | OF | Wanted % | Time % | Time Play |
| 1 | Matt Coronato | 1 | 2 | 2 | 60 | 0% | 0:00
| Nicolas Meloche | Corey Schueneman | 1 | 2 | 2 | 60 | 0% | 0:00
|
| 2 | Matt Coronato | 1 | 2 | 2 | 40 | 0% | 0:00
| Dylan Coghlan | Ethan Del Mastro | 1 | 2 | 2 | 40 | 0% | 0:00
|
| 4 vs 4 Forward |
|---|
| Line # | Center | Wing | PHY | DF | OF | Wanted % | Time % | Time Play |
| 1 | Matt Coronato | Ryan Schmelzer | 1 | 2 | 2 | 60 | 0% | 0:00
|
| 2 | Nicklas Backstrom | Matt Coronato | 1 | 2 | 2 | 40 | 0% | 0:00
|
| 4 vs 4 Defense |
|---|
| Line # | Defense | | PHY | DF | OF | Wanted % | Time % | Time Play |
| 1 | Nicolas Meloche | Dylan Coghlan | 1 | 2 | 2 | 60 | 0% | 0:00
|
| 2 | Dylan Coghlan | Corey Schueneman | 1 | 2 | 2 | 40 | 0% | 0:00
|
| Last Minutes Offensive |
|---|
| Left Wing | Center | Right Wing | Defense | Defense |
| Matt Coronato | Nicklas Backstrom | Ryan Schmelzer | Nicolas Meloche | Dylan Coghlan |
| Last Minutes Defensive |
|---|
| Left Wing | Center | Right Wing | Defense | Defense |
| Matt Coronato | Nicklas Backstrom | Ryan Schmelzer | Nicolas Meloche | Dylan Coghlan |
| Time |
|---|
| Total Forward | Total Defense | Last Minutes Offensive | Last Minutes Defensive |
| 60:00 |
60:00 |
0:00 | 0:00 |
| Extra Forwards |
|---|
| Normal | PowerPlay | Penalty Kill |
|
Ryan Schmelzer, Nicklas Backstrom, Matt Coronato | Matt Coronato, Ryan Schmelzer | Matt Coronato |
| Extra Defensemen |
|---|
| Normal | PowerPlay | Penalty Kill |
|
Dylan Coghlan, Corey Schueneman, Nicolas Meloche | Dylan Coghlan, Corey Schueneman | Jakub Galvas |
| Penalty Shots |
|---|
|
Nicklas Backstrom, Matt Coronato, Ben Meyers, Ryan Schmelzer, Collin Graf |
| Goalie |
|---|
| Hugo Alnefelt, Dennis Hildeby |
| Scratches |
|---|
|
Brent Gates Jr. (Healthy), Dmitry Osipov (Healthy), Ivan Ivan (Healthy), Ryan Hofer (Healthy), Stephen Halliday (Healthy)
Jordy Bellerive (Healthy), Matthew Strome (Healthy), Brendan Warren (Healthy), Cameron Hillis (Healthy), Hayden Hodgson (Healthy)
Seth Barton (Healthy), Henri Nikkanen (Healthy), Ty Tullio (Healthy), Thomas Milic (Healthy), Mike Smith (Healthy)
Hunter Jones (Healthy) |
Play-by-Play
1st period
0:01 of 1st period - Matt Coronato wins face-off versus Justin Dowling in neutral zone.
0:23 of 1st period - Icing by Nicolas Meloche.
0:24 of 1st period - Justin Dowling wins face-off versus Nicklas Backstrom in Islanders zone.
0:45 of 1st period - Slapshot by Matt Coronato.
0:45 of 1st period - Shot Blocked by Ben Gleason.
0:47 of 1st period - Wrist shot by Matt Coronato.
0:47 of 1st period - Goal by Matt Coronato - Moose : 0 - Islanders : 1.
0:48 of 1st period - Ben Meyers wins face-off versus Linus Weissbach in neutral zone.
0:57 of 1st period - Slapshot by Matt Kiersted.
0:57 of 1st period - Deflect By Adam Klapka.
0:57 of 1st period - Stopped by Hugo Alnefelt without a rebound.
0:58 of 1st period - Ben Meyers wins face-off versus Justin Dowling in Islanders zone.
1:05 of 1st period - Snap shot by Ben Meyers.
1:05 of 1st period - Shot Hit the Post.
1:23 of 1st period - Snap shot by Justin Dowling.
1:23 of 1st period - Stopped by Hugo Alnefelt with a rebound.
1:25 of 1st period - Minor Penalty to Nicolas Meloche for Interference.
1:26 of 1st period - Justin Dowling wins face-off versus Matt Coronato in Islanders zone.
1:33 of 1st period - Slapshot by Jackson Blake.
1:33 of 1st period - Shot Misses the Net.
3:18 of 1st period - Ethan Del Mastro is hit by Linus Weissbach and loses puck.
3:25 of 1st period - Penalty to Nicolas Meloche is over, Nicolas Meloche is back on ice.
3:28 of 1st period - Off-side.
3:29 of 1st period - Ben Meyers wins face-off versus Max Comtois in neutral zone.
3:40 of 1st period - Icing by Nicolas Meloche.
3:41 of 1st period - Buddy Robinson wins face-off versus Ben Meyers in Islanders zone.
3:42 of 1st period - Wrist shot by Justin Dowling.
3:42 of 1st period - Deflect By Nicolas Meloche.
3:42 of 1st period - Stopped by Hugo Alnefelt with a rebound.
5:09 of 1st period - Icing by Adam Klapka.
5:10 of 1st period - Justin Dowling wins face-off versus Collin Graf in Moose zone.
5:10 of 1st period - Justin Dowling is hit by Ethan Del Mastro.
5:21 of 1st period - Icing by Simon Nemec.
5:22 of 1st period - Nicklas Backstrom wins face-off versus Sammy Walker in Moose zone.
6:17 of 1st period - Slapshot by Buddy Robinson.
6:17 of 1st period - Stopped by Hugo Alnefelt with a rebound.
6:52 of 1st period - Icing by Nicklas Backstrom.
6:53 of 1st period - Ben Meyers wins face-off versus Aarne Talvitie in Islanders zone.
7:22 of 1st period - Wrist shot by Jackson Blake.
7:22 of 1st period - Shot Misses the Net.
9:53 of 1st period - Ben Meyers is hit by Philippe Myers.
11:53 of 1st period - Corey Schueneman is hit by Philippe Myers and loses puck.
13:12 of 1st period - Jackson Blake is hit by Brandon Gignac and loses puck.
14:54 of 1st period - Icing by Collin Graf.
14:55 of 1st period - Nicklas Backstrom wins face-off versus Justin Dowling in Islanders zone.
15:20 of 1st period - Jackson Blake is hit by Ben Meyers and loses puck.
16:10 of 1st period - Icing by Nicklas Backstrom.
16:11 of 1st period - Nicklas Backstrom wins face-off versus Max Comtois in Islanders zone.
16:24 of 1st period - Justin Dowling is hit by Emil Lilleberg and loses puck.
18:04 of 1st period - Jackson Blake is hit by Emil Lilleberg and loses puck.
19:24 of 1st period - Icing by Connor Mackey.
19:25 of 1st period - Brandon Gignac wins face-off versus Justin Dowling in Moose zone.
19:46 of 1st period - Wrist shot by Sammy Walker.
19:46 of 1st period - Shot Misses the Net.
Goals for this period are 0 for Moose vs 1 for Islanders.
Shots for this period are 4 for Moose vs 1 for Islanders.
2nd period
0:01 of 2nd period - Justin Dowling wins face-off versus Nicklas Backstrom in neutral zone.
0:10 of 2nd period - Snap shot by Nicklas Backstrom.
0:10 of 2nd period - Stopped by Erik Portillo with a rebound.
0:12 of 2nd period - Slapshot by Corey Schueneman.
0:12 of 2nd period - Shot Misses the Net.
0:14 of 2nd period - Wrist shot by Ryan Schmelzer.
0:14 of 2nd period - Stopped by Erik Portillo with a rebound.
0:16 of 2nd period - Snap shot by Matt Coronato.
0:16 of 2nd period - Shot Misses the Net.
1:24 of 2nd period - Wrist shot by Adam Klapka.
1:24 of 2nd period - Shot Misses the Net.
1:26 of 2nd period - Slapshot by Akito Hirose.
1:26 of 2nd period - Deflect By Nicklas Backstrom.
1:26 of 2nd period - Stopped by Hugo Alnefelt with a rebound.
3:08 of 2nd period - Icing by Dylan Coghlan.
3:09 of 2nd period - Ben Gleason wins face-off versus Ben Meyers in Islanders zone.
3:10 of 2nd period - Snap shot by Josiah Slavin.
3:10 of 2nd period - Goal by Josiah Slavin - Moose : 1 - Islanders : 1.
3:11 of 2nd period - Nicklas Backstrom wins face-off versus Justin Dowling in neutral zone.
4:06 of 2nd period - Snap shot by Linus Weissbach.
4:06 of 2nd period - Stopped by Hugo Alnefelt without a rebound.
4:07 of 2nd period - Nicklas Backstrom wins face-off versus Justin Dowling in Islanders zone.
5:54 of 2nd period - Slapshot by Emil Lilleberg.
5:54 of 2nd period - Deflect By Brandon Gignac.
5:54 of 2nd period - Deflect By Connor Mackey.
5:54 of 2nd period - Shot Misses the Net.
5:54 of 2nd period - Puck is out of play.
5:55 of 2nd period - Max Comtois wins face-off versus Brandon Gignac in Moose zone.
7:36 of 2nd period - Philippe Myers is hit by Jackson Cates and loses puck.
9:39 of 2nd period - Sammy Walker is hit by Collin Graf and loses puck.
12:15 of 2nd period - Corey Schueneman is hit by Connor Mackey and loses puck.
16:56 of 2nd period - Emil Lilleberg is hit by Aarne Talvitie and loses puck.
17:07 of 2nd period - Linus Weissbach is hit by Ben Meyers and loses puck.
17:24 of 2nd period - Wrist shot by Matt Coronato.
17:24 of 2nd period - Shot Blocked by Jimmy Schuldt.
17:26 of 2nd period - Snap shot by Ben Meyers.
17:26 of 2nd period - Stopped by Erik Portillo without a rebound.
17:27 of 2nd period - Collin Graf wins face-off versus Justin Dowling in Moose zone.
17:28 of 2nd period - Wrist shot by Taro Hirose.
17:28 of 2nd period - Shot Misses the Net.
Goals for this period are 1 for Moose vs 0 for Islanders.
Shots for this period are 3 for Moose vs 3 for Islanders.
3rd period
0:01 of 3rd period - Justin Dowling wins face-off versus Ben Meyers in neutral zone.
0:04 of 3rd period - Slapshot by Philippe Myers.
0:04 of 3rd period - Shot Misses the Net.
0:49 of 3rd period - Philippe Myers is hit by Corey Schueneman and loses puck.
1:00 of 3rd period - Wrist shot by Matt Coronato.
1:00 of 3rd period - Stopped by Erik Portillo without a rebound.
1:01 of 3rd period - Max Comtois wins face-off versus Nicklas Backstrom in Moose zone.
1:08 of 3rd period - Snap shot by Collin Graf.
1:08 of 3rd period - Shot Blocked by Jackson Blake.
1:10 of 3rd period - Wrist shot by Nicklas Backstrom.
1:10 of 3rd period - Stopped by Erik Portillo with a rebound.
1:12 of 3rd period - Slapshot by Taro Hirose.
1:12 of 3rd period - Stopped by Erik Portillo with a rebound.
1:14 of 3rd period - Snap shot by Collin Graf.
1:14 of 3rd period - Stopped by Erik Portillo with a rebound.
1:16 of 3rd period - Slapshot by Nicolas Meloche.
1:16 of 3rd period - Stopped by Erik Portillo without a rebound.
1:17 of 3rd period - Nicklas Backstrom wins face-off versus Adam Klapka in Moose zone.
1:34 of 3rd period - Snap shot by Sammy Walker.
1:34 of 3rd period - Shot Misses the Net.
1:36 of 3rd period - Snap shot by Sammy Walker.
1:36 of 3rd period - Shot Misses the Net.
2:25 of 3rd period - Snap shot by Linus Weissbach.
2:25 of 3rd period - Shot Misses the Net.
2:27 of 3rd period - Slapshot by Simon Nemec.
2:27 of 3rd period - Shot Misses the Net.
7:10 of 3rd period - Minor Penalty to Jimmy Schuldt for Holding Stick.
7:11 of 3rd period - Justin Dowling wins face-off versus Nicklas Backstrom in Moose zone.
8:52 of 3rd period - Dylan Coghlan is hit by Aarne Talvitie and loses puck.
9:10 of 3rd period - Penalty to Jimmy Schuldt is over, Jimmy Schuldt is back on ice.
9:12 of 3rd period - Off-side.
9:13 of 3rd period - Ben Meyers wins face-off versus Max Comtois in neutral zone.
9:44 of 3rd period - Wrist shot by Sammy Walker.
9:44 of 3rd period - Stopped by Hugo Alnefelt with a rebound.
10:14 of 3rd period - Justin Dowling is hit by Collin Graf and loses puck.
10:25 of 3rd period - Linus Weissbach is hit by Matt Coronato and loses puck.
10:52 of 3rd period - Snap shot by Nicolas Meloche.
10:52 of 3rd period - Stopped by Erik Portillo with a rebound.
11:35 of 3rd period - Icing by Linus Weissbach.
11:36 of 3rd period - Justin Dowling wins face-off versus Collin Graf in Moose zone.
11:36 of 3rd period - Justin Dowling is hit by Ethan Del Mastro.
12:16 of 3rd period - Ben Meyers is hit by Sammy Walker and loses puck.
15:38 of 3rd period - Justin Dowling is hit by Ben Meyers and loses puck.
18:10 of 3rd period - Nicolas Meloche is hit by Sammy Walker and loses puck.
18:27 of 3rd period - Ethan Del Mastro is hit by Aarne Talvitie and loses puck.
18:52 of 3rd period - Matt Kiersted is hit by Libor Hajek and loses puck.
Goals for this period are 0 for Moose vs 0 for Islanders.
Shots for this period are 1 for Moose vs 6 for Islanders.
Overtime #1
0:01 of 1st overtime period - Taro Hirose wins face-off versus Aarne Talvitie in neutral zone.
0:06 of 1st overtime period - Snap shot by Taro Hirose.
0:06 of 1st overtime period - Shot Blocked by Ben Gleason.
0:44 of 1st overtime period - Josiah Slavin is hit by Jackson Cates and loses puck.
0:58 of 1st overtime period - Icing by Emil Lilleberg.
0:59 of 1st overtime period - Aarne Talvitie wins face-off versus Taro Hirose in Islanders zone.
1:22 of 1st overtime period - Emil Lilleberg is hit by Josiah Slavin and loses puck.
1:43 of 1st overtime period - Snap shot by Nicklas Backstrom.
1:43 of 1st overtime period - Shot Misses the Net.
2:09 of 1st overtime period - Snap shot by Adam Klapka.
2:09 of 1st overtime period - Stopped by Hugo Alnefelt with a rebound.
Goals for this period are 0 for Moose vs 0 for Islanders.
Shots for this period are 1 for Moose vs 0 for Islanders.
ShootOut
5:00 of 1st overtime period - Round #1.
5:00 of 1st overtime period - Moose, Linus Weissbach.
5:00 of 1st overtime period - Backhand shot by Linus Weissbach.
5:00 of 1st overtime period - Shot Misses the Net.
5:00 of 1st overtime period - Islanders, Nicklas Backstrom.
5:00 of 1st overtime period - Backhand shot by Nicklas Backstrom.
5:00 of 1st overtime period - Goal by Nicklas Backstrom.
5:00 of 1st overtime period - Round #2.
5:00 of 1st overtime period - Moose, Justin Dowling.
5:00 of 1st overtime period - Wrist shot by Justin Dowling.
5:00 of 1st overtime period - Goal by Justin Dowling.
5:00 of 1st overtime period - Islanders, Matt Coronato.
5:00 of 1st overtime period - Deke by Matt Coronato.
5:00 of 1st overtime period - Stopped by Erik Portillo.
5:00 of 1st overtime period - Round #3.
5:00 of 1st overtime period - Moose, Max Comtois.
5:00 of 1st overtime period - Snap shot by Max Comtois.
5:00 of 1st overtime period - Stopped by Hugo Alnefelt.
5:00 of 1st overtime period - Islanders, Ben Meyers.
5:00 of 1st overtime period - Deke by Ben Meyers.
5:00 of 1st overtime period - Shot Misses the Net.
5:00 of 1st overtime period - Round #4.
5:00 of 1st overtime period - Moose, Adam Klapka.
5:00 of 1st overtime period - Backhand shot by Adam Klapka.
5:00 of 1st overtime period - Stopped by Hugo Alnefelt.
5:00 of 1st overtime period - Islanders, Ryan Schmelzer.
5:00 of 1st overtime period - Snap shot by Ryan Schmelzer.
5:00 of 1st overtime period - Goal by Ryan Schmelzer.